 Dungeon Crawl Stone Soup version 0.27.1-1-g398f81649c (webtiles) character file.

Game seed: 13219276942109880403

1074 chaosape the Chopper (level 8, -7/100 HPs)
             Began as a Gnoll Wanderer on Sept 13, 2021.
             Was a Follower of Trog.
             Splashed by a jelly's acid (9 damage)
             ... on level 4 of the Dungeon.
             The game lasted 00:27:56 (6259 turns).

chaosape the Chopper (Gnoll Wanderer)               Turns: 6259, Time: 00:27:58

Health: -7/100     AC: -12   Str: 12    XL:     8   Next: 29%
Magic:  12/12      EV: 10    Int: 12    God:    Trog [*.....]
Gold:   225        SH:  0    Dex: 13    Spells: 13/13 levels left

rFire    . . .     SeeInvis +   d - +0 hand axe
rCold    . . .     Faith    +   (no shield)
rNeg     . . .     Spirit   .   q - +0 scale mail
rPois    .         Reflect  .   g - +0 helmet
rElec    .         Harm     .   (no cloak)
rCorr    .         Rampage  .   (no gloves)
Will     .....                  (no boots)
Stlth    ..........             l - amulet of faith
HPRegen  0.26/turn              E - ring of see invisible
MPRegen  0.13/turn              (no ring)

@: berserking, corroded, very quick
A: fangs 1, strong nose, distributed training
a: Renounce Religion, Berserk


You were on level 4 of the Dungeon.
You worshipped Trog.
Trog was aware of your devotion.
You visited 1 branch of the dungeon, and saw 5 of its levels.

You collected 225 gold pieces.

Inventory:

Hand Weapons
 a - a +0 hand crossbow
 b - a +0 war axe
 d - a +0 hand axe (weapon)
 x - a +2 dagger of venom
 M - a +0 rapier
 N - a +2 dagger of holy wrath
Missiles
 c - 41 bolts
 u - 34 sling bullets
 G - 20 poisoned darts
 I - 3 boomerangs
Armour
 e - a +0 robe
 g - a +0 helmet (worn)
 p - the +2 robe of Undesirable Species {rElec rCorr}
   (You found it on level 4 of the Dungeon)

   rElec:     It insulates you from electricity.
   rCorr:     It protects you from acid and corrosion.
 q - a +0 scale mail (worn)
 r - a +0 plate armour
 y - a +2 animal skin
 C - a +0 ring mail
 H - a +0 ring mail
Jewellery
 l - an amulet of faith (around neck)
 m - an amulet of the acrobat
 E - a ring of see invisible (left hand)
 J - the ring "Bumiech" {rF+ Dex+3}
   (You found it on level 4 of the Dungeon)

   [ring of protection from fire]

   Dex:       It affects your dexterity (+3).
   rF:        It protects you from fire.
Scrolls
 f - a scroll of teleportation
 h - a scroll of enchant armour
 i - a scroll of amnesia
 j - 2 scrolls of immolation
Potions
 k - a potion of heal wounds {unknown}
 o - a potion of magic {unknown}
 v - a potion of attraction {unknown}
 z - a potion of curing
 A - 2 potions of lignification {unknown}
 B - a potion of haste {unknown}
 F - 2 potions of flight {unknown}
 K - 2 potions of degeneration {unknown}


   Skills:
 + Level 7.3 Fighting
 + Level 4.1 Short Blades
 + Level 3.1 Long Blades
 + Level 7.3 Axes
 + Level 3.1 Maces & Flails
 + Level 3.1 Polearms
 + Level 3.1 Staves
 + Level 3.1 Slings
 + Level 3.1 Bows
 + Level 3.1 Crossbows
 + Level 4.1 Throwing
 + Level 3.1 Armour
 + Level 4.1 Dodging
 + Level 3.1 Stealth
 + Level 3.1 Shields
 + Level 3.1 Unarmed Combat
 + Level 3.1 Spellcasting
 + Level 2.5 Conjurations
 + Level 2.5 Hexes
 + Level 2.5 Summonings
 + Level 2.5 Necromancy
 + Level 2.5 Translocations
 + Level 2.5 Transmutations
 + Level 2.5 Fire Magic
 + Level 2.5 Ice Magic
 + Level 2.5 Air Magic
 + Level 2.5 Earth Magic
 + Level 2.5 Poison Magic
 + Level 3.4 Invocations
 + Level 4.1 Evocations


You had 13 spell levels left.
You didn't know any spells.
Your spell library contained the following spells:

 Spells                   Type           Power      Damage    Failure   Level
 Animate Skeleton         Necr           16%        N/A       38%         1
 Apportation              Tloc           16%        N/A       38%         1
 Corona                   Hex            8%         N/A       38%         1
 Foxfire                  Conj/Fire      32%        2x1d5     38%         1
 Magic Dart               Conj           32%        1d4       38%         1
 Summon Small Mammal      Summ           32%        N/A       38%         1
 Blink                    Tloc           N/A        N/A       54%         2
 Searing Ray              Conj           16%        3d3       54%         2
 Static Discharge         Conj/Air       8%         N/A       54%         2
 Conjure Flame            Conj/Fire      8%         6-21      77%         3
 Inner Flame              Hex/Fire       8%         N/A       77%         3
 Fulminant Prism          Conj/Hex       4%         3d6       99%         4
 Lightning Bolt           Conj/Air       4%         1d15      100%        5
 Manifold Assault         Tloc           8%         N/A       100%        5
 Storm Form               Tmut/Air       4%         N/A       100%        7
 Maxwell's Capacitive Co  Air            4%         ∞         100%        8


Dungeon Overview and Level Annotations

Branches:
Dungeon (5/15)             Temple (0/1) D:4

Altars:
Hepliaklqana
Sif Muna
Trog
Vehumet

Annotations:
D:5 Dowan


Innate Abilities, Weirdness & Mutations

You have very sharp teeth.
Your uncanny sense of smell can sniff out nearby items.
Your experience applies equally to all skills.


Message History

You hit the jelly but do no damage. The acid corrodes you!
Your hands burn!
You bite the jelly, but do no damage.
The jelly is lightly wounded.
The jelly hits you. The acid corrodes you!
You are splashed with acid!
You hit the jelly but do no damage. The acid corrodes you!
Your hands burn!
The jelly is lightly wounded.
The jelly barely misses you.
You hit the jelly but do no damage.
Your hands burn!
The jelly is lightly wounded.
The jelly hits you.
You are splashed with acid.
You are too injured to fight recklessly!
You are too injured to fight recklessly!
The jelly hits you.
You are splashed with acid.
The jelly hits you.
You are splashed with acid!
* * * LOW HITPOINT WARNING * * *
The jelly hits you.
* * * LOW HITPOINT WARNING * * *
You are splashed with acid!
* * * LOW HITPOINT WARNING * * *
There is a stone staircase leading up here.
The jelly barely misses you.
You climb upwards.
There is a stone staircase leading down here.
It was a potion of curing.
You feel better. The jelly misses you.
A red film seems to cover your vision as you go berserk!
You feel yourself moving faster!
You feel mighty! The jelly barely misses you.
You hit the jelly.
Your hands burn!
* * * LOW HITPOINT WARNING * * *
The jelly is moderately wounded.
You hit the jelly but do no damage.
Your hands burn!
* * * LOW HITPOINT WARNING * * *
The jelly is moderately wounded.
The jelly closely misses you.
You hit the jelly.
Your hands burn!
* * * LOW HITPOINT WARNING * * *
The jelly is moderately wounded.
The jelly hits you.
* * * LOW HITPOINT WARNING * * *
You are splashed with acid!
You die...

#..........).# #.......# #.....
#'##.........# ##.......# #.....
...##........####........###.....
...⌠##.............##..####......
.....#...........................
.⌠.<.#...........####..###..#....
.....##########.....#..#...##....
.>.⌠## ##..##.......#...#.. ...##
###..@J#######........ ####
#...##.###...##..##...
#...##.##.....##......
#......#.......#.#....
#.....##..._...#.#..##
#......#.......#....##
#......##.....##....##
####..#....##...##...####
##..(.####...##.##....# #


You could see a jelly.

Vanquished Creatures
  Grinder (D:5)
  A steam dragon (D:4)
  Duvessa (D:5)
  2 ogres (D:4)
  A water moccasin zombie (D:5)
  3 hounds
  2 centaur skeletons (D:5)
  A jelly (D:5)
  A bullfrog skeleton (D:5)
  Terence (D:2)
  2 iguanas
  A hound skeleton (D:4)
  Robin (D:2)
  A howler monkey skeleton (D:4)
  2 adders
  An ufetubus (D:2)
  An adder skeleton (D:4)
  3 worms
  5 dart slugs
  5 orcs
  12 ball pythons
  8 bats
  3 endoplasms
  6 giant cockroaches
  8 goblins
  8 hobgoblins
  8 kobolds
  2 quokkas (D:2)
  5 frilled lizards
  6 rats
102 creatures vanquished.

Vanquished Creatures (others)
  A goblin (D:4)
  9 fungi (D:5)
10 creatures vanquished.

Grand Total: 112 creatures vanquished

Notes
Turn   | Place    | Note
-------+----------+-------------------------------------------
     0 | D:1      | chaosape the Gnoll Wanderer began the quest for the Orb.
     0 | D:1      | chaosape set off with the following items: a +0 hand
                  | crossbow, a wand of paralysis (15), 30 bolts, a +0 hand
                  | axe, a +0 robe
     0 | D:1      | Reached XP level 1. HP: 23/23 MP: 1/1
   360 | D:1      | Reached XP level 2. HP: 19/29 MP: 2/2
   904 | D:1      | Reached XP level 3. HP: 33/35 MP: 3/3
  1574 | D:2      | Noticed Terence
  1601 | D:2      | Reached skill level 1 in Invocations
  1629 | D:2      | Killed Terence
  1630 | D:2      | Reached skill level 1 in Long Blades
  1630 | D:2      | Reached skill level 1 in Maces & Flails
  1630 | D:2      | Reached skill level 1 in Polearms
  1630 | D:2      | Reached skill level 1 in Staves
  1630 | D:2      | Reached skill level 1 in Slings
  1630 | D:2      | Reached skill level 1 in Bows
  1630 | D:2      | Reached skill level 1 in Crossbows
  1630 | D:2      | Reached skill level 1 in Armour
  1630 | D:2      | Reached skill level 1 in Stealth
  1630 | D:2      | Reached skill level 1 in Shields
  1630 | D:2      | Reached skill level 1 in Unarmed Combat
  1630 | D:2      | Reached skill level 1 in Spellcasting
  1630 | D:2      | Reached XP level 4. HP: 22/41 MP: 5/5
  2419 | D:2      | Noticed Robin
  2426 | D:2      | Reached skill level 1 in Conjurations
  2426 | D:2      | Reached skill level 1 in Hexes
  2426 | D:2      | Reached skill level 1 in Summonings
  2426 | D:2      | Reached skill level 1 in Necromancy
  2426 | D:2      | Reached skill level 1 in Translocations
  2426 | D:2      | Reached skill level 1 in Transmutations
  2426 | D:2      | Reached skill level 1 in Fire Magic
  2426 | D:2      | Reached skill level 1 in Ice Magic
  2426 | D:2      | Reached skill level 1 in Air Magic
  2426 | D:2      | Reached skill level 1 in Earth Magic
  2426 | D:2      | Reached skill level 1 in Poison Magic
  2442 | D:2      | Killed Robin
  2778 | D:3      | Found a bloodstained altar of Trog.
  2823 | D:3      | Became a worshipper of Trog the Wrathful
  2919 | D:3      | Reached XP level 5. HP: 47/47 MP: 6/6
  3171 | D:3      | Found a faded altar of an unknown god.
  3171 | D:3      | Found a faded altar of an unknown god.
  3171 | D:3      | Found a hazy altar of Hepliaklqana.
  3173 | D:3      | Found a faded altar of an unknown god.
  3522 | D:4      | Identified the +2 robe of Undesirable Species {rElec rCorr}
  3658 | D:4      | Found a staircase to the Ecumenical Temple.
  3660 | D:4      | Noticed an ogre
  3663 | D:4      | Noticed an ogre
  3683 | D:4      | Killed an ogre
  3684 | D:4      | Reached XP level 6. HP: 30/53 MP: 8/8
  4049 | D:4      | Reached * piety under Trog
  4202 | D:4      | Identified the ring "Bumiech" {rF+ Dex+3}
  4278 | D:4      | Found a radiant altar of Vehumet.
  4279 | D:4      | Noticed a steam dragon
  4295 | D:4      | Killed a steam dragon
  4296 | D:4      | Reached XP level 7. HP: 43/59 MP: 10/10
  4608 | D:5      | Entered Level 5 of the Dungeon
  4753 | D:5      | Noticed Grinder
  4782 | D:5      | Killed Grinder
  5492 | D:5      | Reached XP level 8. HP: 57/67 MP: 12/12
  5744 | D:5      | Noticed Duvessa
  5744 | D:5      | Noticed Dowan
  5765 | D:5      | Killed Duvessa
  5780 | D:5      | HP: 2/67 [acid (8)]
  6164 | D:5      | Found a shimmering blue altar of Sif Muna.
  6250 | D:5      | HP: 2/67 [acid (10)]
  6259 | D:4      | HP: 3/100 [acid (5)]
  6259 | D:4      | Splashed by a jelly's acid

Illustrated notes

Levels and vault maps discovered:
D:1:      dpeg_arrival_round_c, layout_basic, minmay_misc_feat_nine_boxes,
          grunt_decor_junction, minmay_fountain_box, minmay_misc_feat_x
D:2:      layout_basic, minmay_octomino_c4, uniq_robin, uniq_terence
D:3:      layout_loops_ring, lemuel_tele_altar,
          nicolae_hepliaklqana_ecumenical_no_more, chequers_avenue
D:4:      layout_rooms, lemuel_round_altar, minmay_temple_entry_crystal_x,
          kennysheep_pointless_box, grunt_ministairs_7
D:5:      layout_basic, mainiacjoe_overflow_surrounded_room, serial_aquarium,
          aquarium_bridge_square [aquarium_subvault_bridge,
          aquarium_subvault_window, aquarium_subvault_bridge,
          aquarium_subvault_bridge], aquarium_bridge_square
          [aquarium_subvault_bridge, aquarium_subvault_bridge,
          aquarium_subvault_window, aquarium_subvault_window],
          aquarium_window_fake, aquarium_window_fake, aquarium_view_2e,
          aquarium_pool_four, st_stairs_8, uniq_crazy_yiuf_cottage,
          uniq_grinder, uniq_duvessa

Skill      XL: |  1  2  3  4  5  6  7  8 |
---------------+-------------------------+-----
Invocations    | 1 2 3 |  3.4
Long Blades    | 1 2 3 |  3.1
Maces & Flails | 1 2 3 |  3.1
Polearms       | 1 2 3 |  3.1
Staves         | 1 2 3 |  3.1
Slings         | 1 2 3 |  3.1
Bows           | 1 2 3 |  3.1
Crossbows      | 1 2 3 |  3.1
Armour         | 1 2 3 |  3.1
Stealth        | 1 2 3 |  3.1
Shields        | 1 2 3 |  3.1
Unarmed Combat | 1 2 3 |  3.1
Spellcasting   | 1 2 3 |  3.1
Conjurations   | 1 2 |  2.5
Hexes          | 1 2 |  2.5
Summonings     | 1 2 |  2.5
Necromancy     | 1 2 |  2.5
Translocations | 1 2 |  2.5
Transmutations | 1 2 |  2.5
Fire Magic     | 1 2 |  2.5
Ice Magic      | 1 2 |  2.5
Air Magic      | 1 2 |  2.5
Earth Magic    | 1 2 |  2.5
Poison Magic   | 1 2 |  2.5
Short Blades   | 3 4 |  4.1
Throwing       | 3 4 |  4.1
Dodging        | 3 4 |  4.1
Evocations     | 3 4 |  4.1
Fighting       | 7 |  7.3
Axes           | 7 |  7.3

Action                   |  1- 3 |  4- 6 |  7- 9 || total
-------------------------+-------+-------+-------++-------
Melee: Hand axe          |    96 |    67 |    27 ||   190
       Bite              |     7 |    18 |    21 ||    46
       Dagger            |       |   104 |   105 ||   209
       Punch             |       |       |     2 ||     2
Throw: Dart              |       |       |     2 ||     2
Evoke: Wand              |     1 |    10 |     4 ||    15
  Use: Scroll            |       |     3 |     9 ||    12
       Potion            |       |       |     3 ||     3
 Stab: Sleeping          |     1 |       |       ||     1
       Paralysed         |     5 |    18 |    15 ||    38
Armor: Robe              |    20 |     1 |       ||    21
       Scale mail        |       |    57 |    49 ||   106
Dodge: Dodged            |    72 |    84 |    51 ||   207
